 Dungeon Crawl Stone Soup version 0.29.0-4-gdea44cf6ec (webtiles) character file.

Game seed: 7597110471115401715

17 qw the Shield-Bearer (level 2, 0/19 HPs)
             Began as a Gargoyle Fighter on Sept 7, 2022.
             Slain by an orc wizard
             ... wielding a +0 dagger
              (1 damage)
             ... on level 2 of the Dungeon.
             The game lasted 00:00:21 (995 turns).

qw the Shield-Bearer (Gargoyle Fighter)              Turns: 995, Time: 00:00:22

Health: 0/19       AC: 11    Str: 19    XL:     2   Next: 62%
Magic:  2/2        EV:  7    Int:  8    God:
Gold:   133        SH:  0    Dex:  9    Spells: 1/1 levels left

rFire   . . .      SeeInvis .   Y - +0 war axe
rCold   . . .      Faith    .   c - +0 buckler
rNeg    + . .      Spirit   .   g - +0 chain mail
rPois   inf        Reflect  .   (no helmet)
rElec   +          Harm     .   (no cloak)
rCorr   .          Rampage  .   (no gloves)
Will    .....                   (no boots)
Stlth   ..........              (no amulet)
HPRegen 0.06/turn               (no ring)
MPRegen 0.08/turn               (no ring)

@: confused
A: sickness immunity, AC +2, negative energy resistance 1, electricity
resistance, torment resistance 1, petrification resistance
a: no special abilities


You were on level 2 of the Dungeon.
You visited 1 branch of the dungeon, and saw 2 of its levels.

You collected 133 gold pieces.


Innate Abilities, Weirdness & Mutations

You are immune to sickness and miasma.
Your stone body is resilient. (AC +2)
You are immune to poison.
You resist negative energy. (rN+)
You are resistant to electric shocks. (rElec)
You are resistant to unholy torment.
You are immune to petrification.


   Skills:
 - Level 3.2 Fighting
 + Level 2.8 Axes
 - Level 3.2 Armour
 - Level 3.2 Shields


You had one spell level left.
You didn't know any spells.
Your spell library was empty.

Inventory:

Hand Weapons
 h - a +0 whip
 Y - a +0 war axe (weapon)
Armour
 c - a +0 buckler (worn)
 g - a +0 chain mail (worn)
Potions
 d - a potion of might
 e - a potion of brilliance {unknown}
 f - a potion of degeneration {unknown}
 i - a potion of curing {unknown}

Dungeon Overview and Level Annotations

Branches:
Dungeon (2/15)

Altars:


Message History

The orc wizard gestures at you while chanting.
You resist with significant effort.
You are more confused.
A dart slug comes into view.
You are more confused.
Found 6 gold pieces.
The orc hits you but does no damage.
The orc wizard gestures at you while chanting.
The magic dart hits you. The orc barely misses you.
The orc wizard points at you and mumbles some strange words.
The magic dart hits you. The orc barely misses you.
The dart slug launches a dart at you.
The slug dart hits you but does no damage.
The orc barely misses you. Something hits you.
The orc wizard hits you but does no damage.
Something hits you.
You're too confused to move!
Something hits you.
You hit the orc wizard.
The orc wizard is lightly wounded.
You miss something. You barely miss the orc.
The orc hits you but does no damage. Something hits you but does no damage.
The dart slug launches a dart at you.
The slug dart hits something but does no damage.
You miss something. You miss the orc. You miss the orc wizard.
The orc hits you but does no damage. Something hits you.
The orc wizard barely misses you.
The orc wizard hits you but does no damage.
Something hits you. The orc barely misses you.
The orc hits you but does no damage.
You slash the dart slug!
The dart slug is severely wounded.
You hit the orc but do no damage. You hit the orc wizard.
You barely miss something. You miss the orc.
The orc hits you but does no damage. Something hits you.
The orc hits you but does no damage.
The orc wizard hits you with a +0 dagger.
You die...

### #...<...
........#########..%#...
......)..##?....#.<. ...
...........>.......# #..
..$...............# #.
..................## .
....................
........o.........#
.......@o...<.....#
......w.o...........
.......)..........##
....................
..#............####.
............####
#.#...#####.. #....#
#### ....


You could see an orc wizard, a dart slug and 2 orcs.

Vanquished Creatures
  2 endoplasms (D:1)
  A goblin (D:1)
  A hobgoblin (D:1)
  3 jackals (D:1)
  2 ball pythons (D:1)
  A bat (D:1)
  A frilled lizard (D:1)
  2 kobolds (D:1)
  3 rats
16 creatures vanquished.

Notes
Turn   | Place    | Note
-------+----------+-------------------------------------------
     0 | D:1      | qw the Gargoyle Fighter began the quest for the Orb.
     0 | D:1      | Reached XP level 1. HP: 14/14 MP: 1/1
     0 | D:1      | 0 ||| qw: Version: 0.1-a-108-g9e35731
     0 | D:1      | 0 ||| qw: Game counter: 6444
     0 | D:1      | 0 ||| qw: Always use a shield: true
     0 | D:1      | 0 ||| qw: God list: Okawaru
     0 | D:1      | 0 ||| qw: Allow faded altars: false
     0 | D:1      | 0 ||| qw: Do Orc after D:15 true
     0 | D:1      | 0 ||| qw: Do second Lair branch before Depths: true
     0 | D:1      | 0 ||| qw: Lair rune preference: random
     0 | D:1      | 0 ||| qw: Plans: Normal, Zot, God:TSO, Crypt, Tomb, Zig,
                  | Orb
     0 | D:1      | 0 ||| PLANNING D:1-11
   246 | D:1      | 246 ||| Stepping ~*~*~tactically~*~*~ (stealth).
   266 | D:1      | Reached XP level 2. HP: 14/19 MP: 2/2
   885 | D:1      | 885 ||| UPGRADING to +0 chain mail.
   895 | D:1      | 895 ||| DROPPING +0 scale mail.
   896 | D:1      | 896 ||| READING scroll labelled ECRYPR YPNEPP.
   897 | D:1      | 897 ||| READING scroll labelled TINISA ADWEJAU.
   994 | D:2      | HP: 4/19 [something (1)]
   995 | D:2      | HP: 1/19 [something (3)]
   995 | D:2      | Slain by an orc wizard

Levels and vault maps discovered:
D:1:      saegor_arrival_simple_b, layout_basic, minmay_misc_feat_diagonals
D:2:      layout_rooms

Skill      XL: |  1 |
---------------+----+-----
Axes           | 2 |  2.8
Fighting       | |  3.2
Armour         | |  3.2
Shields        | |  3.2

Action                   || total
-------------------------++-------
Melee: War axe           ||    36
  Use: Scroll            ||     2
Armor: Scale mail        ||    12
       Chain mail        ||    11
Dodge: Dodged            ||    16
Block: Buckler           ||     3

Table legend:
 A = Non-vault XP
 B = Vault XP
 C = Vault XP percentage of total XP
 D = Non-vault monster count
 E = Vault monster count
 F = Vault count percentage of total count
                 A         B        C        D         E       F
            +---------+---------+-------+---------+---------+-------
      Total |      25 |       0 |   0.0 |      16 |       0 |   0.0
            +---------+---------+-------+---------+---------+-------
        D:1 |      24 |       0 |   0.0 |      15 |       0 |   0.0
        D:2 |       1 |       0 |   0.0 |       1 |       0 |   0.0
            +---------+---------+-------+---------+---------+-------
